 Dungeon Crawl Stone Soup version 0.31-a0-121-g1e386dd289 (webtiles) character file.

Game seed: 6039095970982366456

108 voltaire321 the Sneak (level 5, 0/29 HPs)
             Began as a Kobold Enchanter on May 31, 2023.
             Slain by an iguana (6 damage)
             ... on level 3 of the Dungeon.
             The game lasted 00:04:56 (1634 turns).

voltaire321 the Sneak (Kobold Enchanter)            Turns: 1634, Time: 00:04:57

Health: 0/29       AC: 10    Str:  7    XL:     5   Next: 12%
Magic:  9/9        EV: 15    Int: 23    God:
Gold:   116        SH:  0    Dex: 15    Spells: 7/9 levels left

rFire   . . .        k - +2 dagger (protect)
rCold   . . .        (no shield)
rNeg    . . .        b - +0 robe
rPois   .            (no helmet)
rElec   .            n - +0 cloak
rCorr   .            (no gloves)
SInv    .            (no boots)
Will    .....        j - amulet of regeneration
Stlth   ++++         i - +6 ring of intelligence
HPRegen 1.04/turn    (no ring)
MPRegen 0.11/turn

%: no passive effects
@: under a protective aura
A: small, no large weapons, nightstalker 3
a: no special abilities


You were on level 3 of the Dungeon.
You visited 1 branch of the dungeon, and saw 3 of its levels.

You collected 116 gold pieces.

Inventory:

Hand Weapons
 a - a +1 dagger
 k - a +2 dagger of protection (weapon)
 m - a +1 dagger of speed
Armour
 b - a +0 robe (worn)
 n - a +0 cloak (worn)
Jewellery
 i - a +6 ring of intelligence (left hand)
 j - an amulet of regeneration (around neck)
Scrolls
 e - 4 scrolls of identify {unknown}
 o - a scroll of poison {unknown}
 q - a scroll of vulnerability {unknown}
 r - a scroll of noise {unknown}
 s - a scroll of enchant weapon {unknown}
Potions
 c - 2 potions of invisibility
 d - 4 potions of heal wounds {unknown}
 f - a potion of enlightenment {unknown}
 g - a potion of ambrosia {unknown}
 h - 2 potions of might {unknown}
 l - a potion of attraction {unknown}
 p - a potion of lignification {unknown}


   Skills:
 + Level 1.3 Fighting
 + Level 2.3 Short Blades
 + Level 0.8 Armour
 + Level 3.0 Dodging
 * Level 5.0 Stealth
 + Level 2.7 Spellcasting
 + Level 3.2 Hexes
 + Level 1.1 Ice Magic


You had 7 spell levels left.
You knew the following spells:

 Your Spells              Type           Power      Damage    Failure   Level
a - Ensorcelled Hibernat  Hex/Ice        26%        N/A       8%          2

Your spell library contained the following spells:

 Spells                   Type           Power      Damage    Failure   Level
 Confusing Touch          Hex            18%        N/A       10%         3
 Tukima's Dance           Hex            18%        N/A       10%         3
 Shock                    Conj/Air       12%        1d3       12%         1
 Dazzling Flash           Conj/Hex       20%        N/A       19%         3
 Swiftness                Air            3%         N/A       34%         3
 Airstrike                Air            1%         2d(1-17)  75%         4


Dungeon Overview and Level Annotations

Branches:
Dungeon (3/15)

Altars:
Nemelex Xobeh

Annotations:
D:3 Grinder


Innate Abilities, Weirdness & Mutations

You are small and have problems with some larger weapons.
You are completely attuned to the shadows.


Message History

The iguana hisses angrily.
Found a golden potion.
There is a stone staircase leading up here.
Found a wooden wand and a sling.
You barely miss the iguana. The iguana bites you!
You hit the iguana but do no damage.
Your weapon exudes an aura of protection.
The iguana bites you!
You closely miss the iguana. The iguana barely misses you.
You hit the iguana.
The iguana is lightly wounded.
The iguana bites you.
You closely miss the iguana.
The iguana is lightly wounded.
The iguana closely misses you.
You hit the iguana.
The iguana is lightly wounded.
The iguana misses you.
You hit the iguana.
The iguana is moderately wounded.
The iguana barely misses you.
You hit the iguana.
The iguana is heavily wounded.
The iguana barely misses you.
You hit the iguana.
The iguana is severely wounded.
The iguana bites you.
You hit the iguana.
The iguana is almost dead.
You hit the iguana but do no damage.
The iguana is almost dead.
The iguana bites you!
* * * LOW HITPOINT WARNING * * *
You hit the iguana but do no damage.
The iguana is almost dead.
The iguana bites you but does no damage.
You hit the iguana but do no damage.
The iguana is almost dead.
The iguana bites you.
You die...

).# .#
#.#...
##.#.#.
####..l../
#....@!...
.##<..##.
....#.##
....###
.... ....


You could see an iguana.

Vanquished Creatures
  2 adders
  3 gnolls
  A worm (D:2)
  3 orcs (D:2)
  4 endoplasms
  2 giant cockroaches (D:1)
  7 goblins
  5 hobgoblins
  8 jackals
  6 ball pythons
  4 bats
  3 frilled lizards
  A kobold (D:1)
  5 rats
54 creatures vanquished.

Notes
Turn   | Place    | Note
-------+----------+-------------------------------------------
     0 | D:1      | voltaire321 the Kobold Enchanter began the quest for the
                  | Orb.
     0 | D:1      | Reached XP level 1. HP: 10/10 MP: 3/3
   221 | D:1      | Reached XP level 2. HP: 15/15 MP: 5/5
   358 | D:1      | Learned a level 2 spell: Ensorcelled Hibernation
   473 | D:1      | Reached XP level 3. HP: 20/20 MP: 6/6
   802 | D:2      | Found a sparkling altar of Nemelex Xobeh.
  1029 | D:2      | Reached XP level 4. HP: 24/24 MP: 7/7
  1165 | D:2      | Reached skill level 1 in Fighting
  1192 | D:2      | Found a faded altar of an unknown god.
  1529 | D:3      | Reached skill level 1 in Ice Magic
  1556 | D:3      | Noticed Grinder
  1563 | D:2      | Reached skill level 5 in Stealth
  1563 | D:2      | Reached XP level 5. HP: 12/29 MP: 9/9
  1634 | D:3      | Slain by an iguana

Illustrated notes

Levels and vault maps discovered:
D:1:      dpeg_arrival_boxorama, layout_rooms
D:2:      layout_loops_ring, basic_altar,
          hellmonk_ecumenical_altar_defaced_shrine
D:3:      layout_loops_cross, vehumet_altar_wand_db, uniq_grinder

Skill      XL: |  1  2  3  4  5 |
---------------+----------------+-----
Short Blades   | 2 |  2.3
Fighting       | 1 |  1.3
Ice Magic      | 1 |  1.1
Stealth        | 5 |  5.0
Dodging        | 3 |  3.0
Armour         | |  0.8
Spellcasting   | |  2.7
Hexes          | |  3.2

Action                     |  1- 3 |  4- 6 || total
---------------------------+-------+-------++-------
  Melee: Dagger            |   120 |    72 ||   192
   Stab: Sleeping          |    14 |     6 ||    20
 Armour: Robe              |    30 |     9 ||    39
  Dodge: Dodged            |    93 |    45 ||   138

Table legend: (Time is in decaauts)
 A = Elapsed time spent in this place.
 B = Non-inter-level travel time spent in this place.
 C = Inter-level travel time spent in this place.
 D = Time resting spent in this place.
 E = Time spent auto-exploring this place.
 F = Levels seen in this place.
 G = Mean time per level.
                   A        B        C        D        E       F      G
               +--------+--------+--------+--------+--------+-----+--------+
         Total |   1615 |   1532 |     83 |     40 |    944 |   3 |  538.3 |
       Dungeon |   1615 |   1532 |     83 |     40 |    944 |   3 |  538.3 |
               +--------+--------+--------+--------+--------+-----+--------+

Top non-repeatable levels by time:
     D:2: 803 daAuts
     D:1: 787 daAuts
     D:3: 25 daAuts
